 Dungeon Crawl Stone Soup version 0.22-a0-247-gbddf880757 (webtiles) character file.

36 RedPan the Ducker (level 3, -1/29 HPs)
             Began as a Demonspawn Monk on Feb 25, 2018.
             Slain by a frilled lizard (2 damage)
             ... on level 2 of the Dungeon.
             The game lasted 00:02:22 (963 turns).

RedPan the Ducker (Demonspawn Monk)                  Turns: 963, Time: 00:02:23

Health: -1/29      AC:  6    Str: 12    XL:     3   Next: 19%
Magic:  3/3        EV: 12    Int:  5    God:
Gold:   94         SH:  0    Dex: 17    Spells: 2/2 levels left

rFire    . . .     SeeInvis .   a - +1 falchion
rCold    + . .     Gourm    .   (no shield)
rNeg     . . .     Faith    .   k - +0 ring mail
rPois    .         Spirit   .   (no helmet)
rElec    .         Reflect  .   (no cloak)
rCorr    .         Harm     .   d - +0 pair of gloves
MR       .....                  (no boots)
Stlth    ++........             (no amulet)
HPRegen  0.09/turn              b - -6 ring of intelligence (curse)
MPRegen  0.08/turn              (no ring)

@: hasted, very quick
A: thin skeletal structure 1, cold resistance 1
a: no special abilities


You were on level 2 of the Dungeon.
You were not hungry.

You visited 1 branch of the dungeon, and saw 2 of its levels.

You collected 94 gold pieces.

Inventory:

Hand Weapons
 a - a +1 falchion (weapon)
Armour
 d - a +0 pair of gloves (worn)
 j - a +0 chain mail
 k - a +0 ring mail (worn)
Jewellery
 b - a cursed -6 ring of intelligence (left hand)
Scrolls
 h - a scroll of amnesia
 i - a scroll of magic mapping
 l - a scroll of enchant weapon
 m - a scroll of teleportation {unknown}
 n - a scroll of blinking
Potions
 e - 2 potions of curing
Comestibles
 c - 3 rations
 g - 5 chunks of flesh


   Skills:
 - Level 3.0 Fighting
 + Level 3.3 Long Blades
 + Level 3.3 Dodging
 - Level 1.7 Stealth


You had 2 spell levels left.
You didn't know any spells.

Dungeon Overview and Level Annotations

Branches:
Dungeon (2/15)

Altars:

Annotations:
D:2 Jessica


Innate Abilities, Weirdness & Mutations

You have a somewhat thin skeletal structure. (Dex +2, Stealth)
Your flesh is cold resistant. (rC+)


Message History

The frilled lizard hisses angrily.
The hobgoblin hits you but does no damage.
Jessica closely misses you. x2; The hobgoblin closely misses you.
You hit Jessica but do no damage.
You feel yourself speed up.
The frilled lizard hisses.
The hobgoblin closely misses you.
You riposte.
You closely miss the hobgoblin.
The hobgoblin is almost dead.
Jessica gestures at you while chanting. Pain shoots through your body!
* * * LOW HITPOINT WARNING * * *
You barely miss Jessica. The hobgoblin hits you.
* * * LOW HITPOINT WARNING * * *
Jessica splashes around in the water. x2; The hobgoblin hits you.
* * * LOW HITPOINT WARNING * * *
A quokka comes into view.
Unknown command.
It was a potion of haste.
You feel yourself speed up. The frilled lizard bites you.
You die... ♣≈♣♣≈≈.
P≈P≈PP.

.### .≈.PP## .... ..PP##
♣..♣ ##### ♣.≈♣ P≈♣♣
♣≈.♣ ♣♣♣♣♣♣gP♣♣
##♣≈P≈♣≈≈@@♣♣♣♣. #####
#...≈.≈..l≈.≈...#
....####.P♣♣.♣≈≈≈≈♣♣♣P##
###......♣♣♣♣♣♣≈♣♣♣
######## ≈≈♣ ♣♣.P ♣≈≈♣
♣r♣♣ ..#


You could see Jessica, a quokka (wandering), a hobgoblin and a frilled lizard.

Vanquished Creatures
  An adder (D:2)
  A dart slug (D:2)
  2 goblins
  7 hobgoblins
  5 bats
  A frilled lizard (D:2)
  3 kobolds (D:1)
  4 rats
24 creatures vanquished.

Notes
Turn   | Place    | Note
-------+----------+-------------------------------------------
     0 | D:1      | RedPan the Demonspawn Monk began the quest for the Orb.
     0 | D:1      | Reached XP level 1. HP: 18/18 MP: 1/1
   340 | D:1      | Gained mutation: Your flesh is cold resistant. (rC+) [demonic ancestry]
   340 | D:1      | Reached XP level 2. HP: 16/24 MP: 2/2
   831 | D:2      | Gained mutation: You have a somewhat thin skeletal structure. (Dex +2, Stealth) [demonic ancestry]
   831 | D:2      | Reached XP level 3. HP: 25/29 MP: 3/3
   951 | D:2      | Noticed Jessica
   962 | D:2      | HP: 1/29 [hobgoblin (2)]
   963 | D:2      | Slain by a frilled lizard

Vault maps used:
D:1:      dpeg_arrival_ternary
D:2:      lemuel_round_altar, zin_angel, serial_bayou, serial_bayou_pond_d,
          serial_bayou_crossing, serial_bayou_pond_a, serial_bayou_ford_a,
          serial_bayou_pond_c, minmay_tripent, uniq_jessica, uniq_sigmund

Skill      XL: |  1 |
---------------+----+-----
Long Blades    | 3 |  3.3
Dodging        | 3 |  3.3
Fighting       | |  3.0
Stealth        | |  1.7

Action                   || total
-------------------------++-------
Melee: Falchion          ||    72
  Use: Scroll            ||     6
       Potion            ||     1
 Stab: Sleeping          ||     2
Armor: Robe              ||    12
       Ring mail         ||    19
Dodge: Dodged            ||    62
       Rpst.: Falchion   ||    24

Table legend:
 A = Spawn XP
 B = Non-spawn XP
 C = Spawn XP percentage of total XP
 D = Spawn monster count
 E = Non-spawn monster count
 F = Spawn count percentage of total count
 G = Total turns spent on level
                    A         B        C        D         E        F      G
               +---------+---------+-------+---------+---------+-------+---------
         Total |       0 |      52 |   0.0 |       0 |      24 |   0.0 |   963
               +---------+---------+-------+---------+---------+-------+---------
           D:1 |       0 |      23 |   0.0 |       0 |      15 |   0.0 |   647
           D:2 |       0 |      29 |   0.0 |       0 |       9 |   0.0 |   316
               +---------+---------+-------+---------+---------+-------+---------
